[Event "Titled Tuesday Blitz May 31 Early 2022"]
[White "Golizadeh, Asghar"]
[Black "Chigaev, Maksim"]
[WhiteFideId "12505269"]
[BlackFideId "4108116"]
[WhiteElo "2403"]
[BlackElo "2457"]
[Result "0-1"]
[Round "01"]
[TimeControl "180+1"]
[Date "2022.05.31"]
[WhiteClock "0:00:06"]
[BlackClock "0:00:33"]

1. e4 e6 2. d4 d5 3. Nc3 Nf6 4. e5 Nfd7 5. f4 c5 6. Nf3 Nc6 7. Be3 Qb6 8. Na4 Qa5+ 9. c3 c4 10. b4 Nxb4 11. cxb4 Bxb4+ 12. Kf2 b5 13. Nc5 Nxc5 14. dxc5 Qa3 15. c6 Bc5 16. Bxc5 Qxc5+ 17. Qd4 Qxc6 18. f5 exf5 19. e6 Bxe6 20. Qxg7 Qc5+ 21. Nd4 O-O-O 22. Be2 Rhg8 23. Qe5 Rde8 24. Rhd1 Bd7 25. Qf4 Re4 26. Qd2 f4 27. Bf3 Re3 28. Rac1 Kb8 29. Kf1 Qb6 30. Rb1 a6 31. a4 c3 32. Qc2 b4 33. Nf5 Rxf3+ 34. gxf3 Rg1+ 35. Ke2 Rg2+ 36. Kd3 Bxf5# 0-1


[Site "https://www.chess.com"]

[Event "Titled Tuesday Blitz May 31 Early 2022"]
[White "Griffith, Kyron"]
[Black "Dilmukhametov, Artur"]
[WhiteFideId "2046318"]
[BlackFideId "24179922"]
[WhiteElo "2232"]
[BlackElo "2206"]
[Result "1-0"]
[Round "01"]
[TimeControl "180+1"]
[Date "2022.06.01"]
[WhiteClock "0:00:15"]
[BlackClock "0:00:01"]

1. e4 e6 2. d3 d5 3. Nd2 c5 4. Ngf3 Nc6 5. g3 Qb6 6. Bg2 Bd6 7. O-O Bc7 8. Re1 Nge7 9. exd5 exd5 10. c4 d4 11. Ng5 O-O 12. Qh5 h6 13. Nge4 Bf5 14. Nb3 Rad8 15. Nbxc5 Bxe4 16. Nxe4 Ng6 17. a3 Nce5 18. Qe2 Qe6 19. Nc5 Qf6 20. b4 b6 21. Ne4 Qf5 22. Bb2 Ng4 23. h3 N4e5 24. f4 Nxf4 25. gxf4 Qxf4 26. Rf1 Qh4 27. Qf2 Qh5 28. Rad1 f5 29. Ng3 Qg5 30. Bd5+ Kh7 31. Qg2 Rf6 32. Ne2 Rg6 33. Qxg5 Rxg5+ 34. Kf2 Ng6 35. Rg1 Nh4 36. Rxg5 hxg5 37. Rg1 f4 38. Be4+ Kh6 39. Rg4 Rf8 40. Nxd4 f3 41. Nxf3 Nxf3 42. Bxf3 Bd6 43. d4 Be7 44. c5 bxc5 45. dxc5 Bd8 46. Re4 Bc7 47. Kg2 Rf7 48. Bc1 Kg6 49. Rd4 Bf4 50. Bxf4 gxf4 51. Rd5 Kh7 52. Be4+ Kg8 53. Kf3 Kf8 54. Bg6 Re7 55. Rd8+ Re8 56. Rxe8# 1-0


[Site "https://www.chess.com"]

[Event "Titled Tuesday Blitz May 31 Early 2022"]
[White "Guliev, Logman"]
[Black "Pichot, Alan"]
[WhiteFideId "13400061"]
[BlackFideId "110973"]
[WhiteElo "2128"]
[BlackElo "2579"]
[Result "0-1"]
[Round "01"]
[TimeControl "180+1"]
[Date "2022.05.31"]
[WhiteClock "0:00:05"]
[BlackClock "0:01:58"]

1. e4 c5 2. Nf3 d6 3. d4 cxd4 4. Nxd4 Nf6 5. Nc3 Nc6 6. Bg5 e6 7. Qd2 a6 8. O-O-O Be7 9. f3 Nxd4 10. Qxd4 b5 11. Kb1 Bb7 12. h4 Qc7 13. Be3 h5 14. Bg5 Rc8 15. Qd2 Bf8 16. Ne2 Nd7 17. Nd4 Ne5 18. Be2 Nc4 19. Bxc4 Qxc4 20. Rhe1 Qc5 21. f4 g6 22. Bf6 Rg8 23. f5 gxf5 24. exf5 Rxg2 25. Re2 Rxe2 26. Qxe2 e5 27. Nb3 Qc4 28. Qd2 Be4 29. Rc1 Bxf5 30. Na5 Qe6 31. Qg5 Bg6 32. b3 Bh6 33. Qxh6 Qxf6 34. Nb7 Rxc2 35. Nxd6+ Kd7 0-1


[Site "https://www.chess.com"]

[Event "Titled Tuesday Blitz May 31 Early 2022"]
[White "Guseinov, Gadir"]
[Black "Neelotpal, Das"]
[WhiteFideId "13401378"]
[BlackFideId "5003512"]
[WhiteElo "2581"]
[BlackElo "2405"]
[Result "1-0"]
[Round "01"]
[TimeControl "180+1"]
[Date "2022.06.01"]
[WhiteClock "0:00:15"]
[BlackClock "0:00:06"]

1. e4 e5 2. Nf3 Nc6 3. Bb5 Nf6 4. O-O Nxe4 5. d4 Nd6 6. dxe5 Nxb5 7. a4 Nbd4 8. Nxd4 Nxd4 9. Qxd4 d5 10. Qd3 c6 11. a5 Qd7 12. f4 Qf5 13. Qc3 Be7 14. Be3 O-O 15. Nd2 Qg6 16. Nb3 Bf5 17. Bc5 Be4 18. Rf2 Bh4 19. Re2 Rfe8 20. Rf1 f6 21. Bd4 b6 22. Qxc6 Rac8 23. Qd7 fxe5 24. Bxe5 Bxc2 25. Qxd5+ Qf7 26. Qxf7+ Kxf7 27. Re3 bxa5 28. Nxa5 Bd8 29. Nb7 Bb6 30. Nd6+ Kg8 31. Re1 g5 32. Nxc8 Bxe3+ 33. Rxe3 gxf4 34. Nd6 fxe3 35. Nxe8 Kf7 36. Nc7 Bd3 37. Bd4 e2 38. Kf2 a6 39. Nd5 Bb5 40. Nf4 1-0


[Site "https://www.chess.com"]

[Event "Titled Tuesday Blitz May 31 Early 2022"]
[White "Harsha Bharathakoti"]
[Black "D`Arruda, Ricardo D."]
[WhiteFideId "5078776"]
[BlackFideId "100692"]
[WhiteElo "2575"]
[BlackElo "2488"]
[Result "1-0"]
[Round "01"]
[TimeControl "180+1"]
[Date "2022.05.31"]
[WhiteClock "0:00:55"]
[BlackClock "0:00:25"]

1. Nf3 d5 2. b3 Nf6 3. Bb2 c6 4. e3 g6 5. c4 Bg7 6. Be2 O-O 7. O-O Nbd7 8. cxd5 cxd5 9. Nc3 b6 10. Rc1 Bb7 11. d4 Rc8 12. Ba3 Re8 13. Qd2 e6 14. Nb5 Bf8 15. Bxf8 Rxf8 16. Nxa7 Ra8 17. Nb5 Ne4 18. Qb2 Ba6 19. a4 Qe7 20. Rc7 Rfc8 21. Rfc1 Qd8 22. Rxc8 Rxc8 23. Nd2 Rxc1+ 24. Qxc1 Bxb5 25. Bxb5 Nd6 26. Bd3 Qc8 27. Qxc8+ Nxc8 28. Bb5 Nb8 29. Kf1 Kf8 30. Ke2 Ke7 31. Nb1 Nd6 32. Nc3 Kd8 33. h4 Kc7 34. Kd2 Nc6 35. Bxc6 Kxc6 36. g4 h6 37. f3 g5 38. h5 f5 39. Kd3 Nb7 40. Nb5 Na5 41. f4 gxf4 42. g5 1-0


[Site "https://www.chess.com"]

[Event "Titled Tuesday Blitz May 31 Early 2022"]
[White "Hoffmann, Asa"]
[Black "Dronavalli, Harika"]
[WhiteFideId "2001470"]
[BlackFideId "5015197"]
[WhiteElo "2117"]
[BlackElo "2382"]
[Result "0-1"]
[Round "01"]
[TimeControl "180+1"]
[Date "2022.06.01"]
[WhiteClock "0:00:03"]
[BlackClock "0:00:32"]

1. d4 Nf6 2. Bg5 g6 3. Nc3 Bg7 4. e4 d6 5. f3 c6 6. Qd2 h6 7. Be3 Nbd7 8. Bc4 b5 9. Bb3 a5 10. a4 b4 11. Nce2 Ba6 12. Nh3 c5 13. c4 bxc3 14. bxc3 Qc7 15. O-O e5 16. dxe5 Nxe5 17. Nhf4 Nc4 18. Bxc4 Bxc4 19. Rfd1 Rd8 20. Rab1 O-O 21. Nd3 Kh7 22. Nb2 Bb3 23. Rdc1 d5 24. Bf4 Qc6 25. e5 Nh5 26. Qe3 Rfe8 27. Nd3 Nxf4 28. Qxf4 Bc4 29. Rd1 Re7 30. Qe3 Bxd3 31. Qxd3 Bxe5 32. Ng3 Bxg3 33. hxg3 Qxa4 34. Qb5 Qxb5 35. Rxb5 Ra7 36. Rxc5 a4 37. Rcxd5 Rda8 38. Ra1 a3 39. c4 Rb8 40. Rd3 a2 41. Rdd1 Rb2 42. Rdc1 Re7 43. Kh2 Ree2 44. Rg1 Rec2 45. g4 Rxc4 46. Kg3 Rcc2 47. f4 Kg7 48. Kh4 f6 49. g5 hxg5+ 50. fxg5 Rc4+ 51. Kh3 fxg5 52. Kh2 Rh4+ 53. Kg3 Ra4 54. Rgc1 Ra3+ 55. Kh2 Ra7 56. Rd1 Re7 57. Rf1 Ree2 58. Rg1 Kh6 59. Kh3 Re3+ 60. Kh2 g4 61. Rgf1 Kg5 0-1


[Site "https://www.chess.com"]

[Event "Titled Tuesday Blitz May 31 Early 2022"]
[White "Ilyasli, Ughur"]
[Black "Agibileg, Uurtsaikh"]
[WhiteFideId "13416197"]
[BlackFideId "4901606"]
[WhiteElo "2045"]
[BlackElo "2205"]
[Result "1/2-1/2"]
[Round "01"]
[TimeControl "180+1"]
[Date "2022.06.01"]
[WhiteClock "0:00:08"]
[BlackClock "0:00:32"]

1. d4 Nf6 2. c4 g6 3. Nc3 Bg7 4. e4 d6 5. Nge2 O-O 6. Ng3 c5 7. d5 e6 8. Be2 exd5 9. exd5 Re8 10. O-O Nbd7 11. Bf4 Ne5 12. Re1 h6 13. h3 Bd7 14. Qd2 g5 15. Be3 Ng6 16. Nb5 Bxb5 17. cxb5 Ne4 18. Nxe4 Rxe4 19. Bd3 Re5 20. Bxg6 fxg6 21. f4 gxf4 22. Bxf4 Rxe1+ 23. Rxe1 Bd4+ 24. Kh2 g5 25. Bg3 Qf8 26. Re6 Rd8 27. Qd3 Kh8 28. Qg6 Bg7 29. Rxd6 Rxd6 30. Bxd6 Qf2 31. Bg3 Qf1 32. Qe8+ Kh7 33. Qe4+ Kg8 34. d6 Bd4 35. Qe8+ Kh7 36. Qe7+ Kg6 37. Qe8+ Kh7 38. Qe4+ Kg8 39. Qd5+ Kf8 40. Qf3+ Qxf3 41. gxf3 Ke8 42. b3 Kd7 43. h4 gxh4 44. Bf4 Bf2 45. Kh3 Bg3 46. Bxh6 Kxd6 47. Kg4 Ke5 48. f4+ Kf6 49. f5 Be1 50. Bg5+ Ke5 51. f6 Ke6 52. a4 a6 53. bxa6 bxa6 54. Be3 c4 55. bxc4 Kxf6 56. Bg5+ Ke5 57. c5 Kd5 58. Be7 Kc6 59. Bf8 Bg3 60. Kh3 Bf2 61. Kg4 a5 62. Be7 Bxc5 63. Bxh4 Bb4 64. Be1 Bxe1 65. Kf3 Kc5 66. Ke2 Kb4 67. Kxe1 Kxa4 68. Kd2 Kb3 69. Kc1 Ka2 70. Kc2 a4 71. Kc1 a3 72. Kc2 Ka1 73. Kc1 a2 74. Kc2 1/2-1/2


[Site "https://www.chess.com"]

[Event "Titled Tuesday Blitz May 31 Early 2022"]
[White "Keymer, Vincent"]
[Black "Sellitti, Federico"]
[WhiteFideId "12940690"]
[BlackFideId "821829"]
[WhiteElo "2548"]
[BlackElo "2511"]
[Result "1/2-1/2"]
[Round "01"]
[TimeControl "180+1"]
[Date "2022.05.31"]
[WhiteClock "0:00:09"]
[BlackClock "0:00:08"]

1. Nf3 Nf6 2. c4 c5 3. Nc3 Nc6 4. g3 g6 5. Bg2 Bg7 6. O-O O-O 7. d4 cxd4 8. Nxd4 d6 9. Nxc6 bxc6 10. Bxc6 Bh3 11. Bxa8 Qxa8 12. f3 Bxf1 13. Kxf1 Rc8 14. Qd3 Qc6 15. b3 d5 16. Nxd5 Nxd5 17. cxd5 Qd7 18. Rb1 Rc3 19. Qd1 Qb5 20. Kg2 Rc5 21. e4 Qa5 22. a4 Qc7 23. Bd2 h5 24. Rc1 h4 25. b4 Rxc1 26. Qxc1 Qd7 27. Qc6 h3+ 28. Kf2 Qd8 29. Be3 Qb8 30. b5 Qe5 31. Qc2 Qa1 32. Qc8+ Kh7 33. Qxh3+ Kg8 34. Qc8+ Kh7 35. Qc4 Qh1 36. Qf1 Qxh2+ 37. Qg2 Qh5 38. Bxa7 Qe5 39. Kg1 Qa1+ 40. Kh2 Be5 41. Bf2 Qxa4 42. b6 Qb3 43. Qh3+ Kg7 44. Kg2 Qb2 45. Kg1 Bd4 46. Bxd4+ Qxd4+ 47. Kh2 Qxb6 48. Qg2 Qd6 49. Qb2+ Kh7 50. Kg2 e6 51. Qf6 Qb6 52. Qxf7+ Kh6 53. Qf8+ Kh7 54. Qe7+ Kh6 55. Qxe6 Qe3 56. Qa6 Qd2+ 57. Kh3 Qe1 58. Kg2 Qd2+ 59. Kg1 Qe3+ 60. Kf1 Qxf3+ 61. Ke1 Qxe4+ 62. Qe2 Qxd5 63. Qe3+ Qg5 64. Qd3 Qe5+ 65. Kd2 Qg5+ 66. Ke2 Qg4+ 67. Kf2 Qf5+ 68. Qxf5 gxf5 69. Kf3 Kg5 70. Ke3 Kg4 71. Kf2 f4 72. gxf4 Kxf4 1/2-1/2


[Site "https://www.chess.com"]

[Event "Titled Tuesday Blitz May 31 Early 2022"]
[White "Kollars, Dmitrij"]
[Black "Hamley, Ryan"]
[WhiteFideId "12909572"]
[BlackFideId "30959497"]
[WhiteElo "2584"]
[BlackElo "2518"]
[Result "1-0"]
[Round "01"]
[TimeControl "180+1"]
[Date "2022.05.31"]
[WhiteClock "0:00:17"]
[BlackClock "0:00:11"]

1. d4 Nf6 2. c4 e6 3. Nf3 d5 4. g3 Be7 5. Bg2 O-O 6. O-O dxc4 7. Qc2 a6 8. a4 Bd7 9. Bg5 Bc6 10. Rd1 Nbd7 11. Qxc4 Ne4 12. Bxe7 Qxe7 13. Nc3 Nb6 14. Qb3 Nxc3 15. bxc3 Bd5 16. Qc2 f5 17. Ne5 Bxg2 18. Kxg2 c5 19. Qb3 Nd5 20. c4 Nf6 21. e3 Rfd8 22. Rab1 Rab8 23. Qb6 Ne4 24. Rd3 Qd6 25. Qxd6 Rxd6 26. dxc5 Rxd3 27. Nxd3 Rd8 28. Rxb7 Rxd3 29. c6 Rc3 30. c7 Nd6 31. Rb6 Rxc4 32. Rxd6 Rxc7 33. Rxe6 Ra7 34. a5 Kf7 35. Rb6 g6 36. h4 h5 37. Kf3 Kg7 38. Kf4 Kf7 39. Kg5 Re7 40. Rf6+ Ke8 41. Rxg6 Re5 42. Rxa6 1-0


[Site "https://www.chess.com"]

[Event "Titled Tuesday Blitz May 31 Early 2022"]
[White "Koutlas, Nikolaos"]
[Black "Demchenko, Anton"]
[WhiteFideId "25827138"]
[BlackFideId "4160258"]
[WhiteElo "1645"]
[BlackElo "2539"]
[Result "0-1"]
[Round "01"]
[TimeControl "180+1"]
[Date "2022.05.31"]
[WhiteClock "0:00:12"]
[BlackClock "0:01:37"]

1. e4 e5 2. Nf3 Nc6 3. Bb5 a6 4. Ba4 Nge7 5. c3 Ng6 6. O-O d6 7. d3 Be7 8. Re1 O-O 9. Nbd2 f5 10. d4 fxe4 11. Nxe4 d5 12. Ng3 e4 13. Bxc6 exf3 14. Ba4 Nh4 15. gxf3 Nxf3+ 16. Kg2 Bg4 17. Re2 Bd6 18. Bb3 c6 19. h3 Bxh3+ 0-1


[Site "https://www.chess.com"]

[Event "Titled Tuesday Blitz May 31 Early 2022"]
[White "Kuznetsov, Mikhail"]
[Black "Chen, Qi b"]
[WhiteFideId "4117190"]
[BlackFideId "8614733"]
[WhiteElo "1981"]
[BlackElo "2432"]
[Result "1/2-1/2"]
[Round "01"]
[TimeControl "180+1"]
[Date "2022.06.01"]
[WhiteClock "0:00:09"]
[BlackClock "0:00:04"]

1. Nf3 Nf6 2. g3 d5 3. Bg2 e6 4. O-O Be7 5. d4 O-O 6. c4 dxc4 7. Qa4 a6 8. Qxc4 b5 9. Qc2 Bb7 10. Bg5 Nbd7 11. Bxf6 Nxf6 12. Nbd2 Rc8 13. Nb3 Be4 14. Qc3 c6 15. Nc5 Nd5 16. Qd2 Bxc5 17. dxc5 Qf6 18. Qd4 Qxd4 19. Nxd4 Bxg2 20. Kxg2 Rfd8 21. Rfd1 g6 22. Rd3 e5 23. Nb3 Nb4 24. Rxd8+ Rxd8 25. a3 Nd5 26. Na5 Ne7 27. b4 f5 28. Kf1 Rd2 29. Ke1 Rd5 30. Rd1 Rxd1+ 31. Kxd1 Kf7 32. Kd2 Ke6 33. f3 Kd5 34. Kd3 e4+ 35. Kc3 g5 36. Nb3 Ke5 37. Kd2 h5 38. Na5 exf3 39. exf3 g4 40. Ke3 f4+ 41. gxf4+ Kf5 42. fxg4+ hxg4 43. Nb3 Nd5+ 44. Kf2 Kxf4 45. Nd4 Ne7 46. Ne6+ Ke5 47. Nc7 Nf5 48. Nxa6 Nd4 49. Kg3 Nf3 50. h3 Nd2 51. Kxg4 Nc4 52. Nb8 Kd5 53. h4 Nxa3 54. h5 Nc2 55. h6 Nxb4 56. h7 Kxc5 57. h8=Q Nd5 58. Qf8+ Kc4 59. Nxc6 b4 60. Qf1+ Kc3 61. Na5 Ne3+ 62. Kf3 Nxf1 63. Ke2 Nd2 64. Kd1 Nb3 65. Nc6 Nc5 66. Nxb4 1/2-1/2


[Site "https://www.chess.com"]

[Event "Titled Tuesday Blitz May 31 Early 2022"]
[White "Lamaze, Simon"]
[Black "Sadhwani, Raunak"]
[WhiteFideId "36069264"]
[BlackFideId "35093487"]
[WhiteElo "1999"]
[BlackElo "2616"]
[Result "0-1"]
[Round "01"]
[TimeControl "180+1"]
[Date "2022.05.31"]
[WhiteClock "0:00:20"]
[BlackClock "0:01:47"]

1. d4 Nf6 2. c4 g6 3. Nc3 Bg7 4. e4 d6 5. h3 O-O 6. Be3 c6 7. g4 a6 8. e5 Nfd7 9. f4 b5 10. h4 Nb6 11. b3 Bb7 12. h5 c5 13. d5 e6 14. Bg2 dxe5 15. Bxc5 exf4 16. Nge2 Re8 17. hxg6 hxg6 18. Bd4 e5 19. Bf2 bxc4 20. bxc4 Nxc4 21. Qd3 Nd6 22. Bc5 Qc7 23. Ba3 Nd7 24. Rc1 Nf8 25. Ne4 Qa5+ 26. Nd2 e4 27. Qb3 e3 0-1


[Site "https://www.chess.com"]

[Event "Titled Tuesday Blitz May 31 Early 2022"]
[White "Large, Peter G"]
[Black "Milanovic, Marko"]
[WhiteFideId "400866"]
[BlackFideId "980129"]
[WhiteElo "2064"]
[BlackElo "2151"]
[Result "1/2-1/2"]
[Round "01"]
[TimeControl "180+1"]
[Date "2022.06.01"]
[WhiteClock "0:00:03"]
[BlackClock "0:00:04"]

1. Nf3 d5 2. b3 Nf6 3. Bb2 c5 4. e3 Nc6 5. Bb5 a6 6. Bxc6+ bxc6 7. Nc3 Qc7 8. Na4 e6 9. O-O Be7 10. Ne5 O-O 11. f4 Rd8 12. Rf3 d4 13. Qe2 Rb8 14. Ba3 Rb5 15. c4 dxc3 16. dxc3 Ne4 17. c4 Rb8 18. Qc2 f5 19. Rd1 Bb7 20. Rff1 Bf6 21. Bb2 Qe7 22. Nf3 h6 23. Bxf6 Qxf6 24. Ne5 Kh7 25. Nc3 Nd6 26. Rd2 Qe7 27. Rfd1 Nf7 28. Nxf7 Rxd2 29. Qxd2 Qxf7 30. Qd6 Qf8 31. Qxf8 Rxf8 32. Na4 Bc8 33. Nxc5 e5 34. fxe5 Re8 35. Rd6 Rxe5 36. Rxc6 Re8 37. Kf2 g5 38. Rc7+ Kg6 39. g3 Kf6 40. Rc6+ Ke5 41. Nd3+ Ke4 42. Ke2 Rd8 43. Nf2+ Ke5 44. Rxh6 g4 45. Nd3+ Ke4 46. Nc5+ Ke5 47. Rc6 a5 48. Nd3+ Ke4 49. Nf2+ Ke5 50. Rc5+ Kf6 51. Rxa5 Rh8 52. Rc5 Bb7 53. e4 fxe4 54. Ke3 Ke6 55. Nxe4 Rxh2 56. Rb5 Bc6 57. Rb6 Kd7 58. Nc5+ Kc7 59. Ra6 Rg2 60. Kf4 Bf3 61. Ne4 Re2 62. Nf6 Rd2 63. Nxg4 Be2 64. Ne5 Rc2 65. Ke3 Bh5 66. Rh6 Re2+ 67. Kd3 Rxe5 68. Kd4 Rg5 69. b4 Rg4+ 70. Kc5 Rg5+ 71. Kd4 Bf3 72. b5 Rxg3 73. Kc5 Rg5+ 74. Kb4 Be2 75. c5 Rg4+ 76. Ka5 Bd1 77. Rh7+ Kc8 78. c6 Kb8 79. Kb6 Rg8 80. Rh4 Be2 81. a4 Bd1 82. a5 Be2 83. a6 Ka8 84. Re4 Bd3 85. Rd4 Bf1 86. c7 Rc8 87. Rd8 Bh3 88. Rxc8+ Bxc8 89. Kc6 Ka7 90. Kd6 Kb6 1/2-1/2


[Site "https://www.chess.com"]

[Event "Titled Tuesday Blitz May 31 Early 2022"]
[White "Lazavik, Denis"]
[Black "Taboas Rodriguez, Daniel"]
[WhiteFideId "13515110"]
[BlackFideId "2208466"]
[WhiteElo "2437"]
[BlackElo "2429"]
[Result "1-0"]
[Round "01"]
[TimeControl "180+1"]
[Date "2022.05.31"]
[WhiteClock "0:00:17"]
[BlackClock "0:00:18"]

1. d4 Nf6 2. c4 g6 3. g3 Bg7 4. Bg2 O-O 5. Nc3 d6 6. Nf3 Nbd7 7. O-O e5 8. e4 c6 9. h3 a5 10. Be3 exd4 11. Nxd4 Nc5 12. Qc2 a4 13. Rad1 Qa5 14. Rfe1 Re8 15. Bf4 Ne6 16. Bxd6 Nxd4 17. Rxd4 Be6 18. e5 Nd7 19. f4 f6 20. c5 fxe5 21. Rxa4 Qd8 22. Rxa8 Qxa8 23. fxe5 Bf5 24. Qb3+ Kh8 25. e6 Nf6 26. e7 h5 27. Qc4 Qc8 28. Kh2 Qd7 29. b4 Ng8 30. Re3 Nxe7 31. Qe2 Bf6 32. b5 cxb5 33. Nd5 Bg5 34. Re5 h4 35. g4 Nxd5 36. Rxe8+ Kh7 37. Bxd5 1-0


[Site "https://www.chess.com"]

[Event "Titled Tuesday Blitz May 31 Early 2022"]
[White "Lehtosaari, Mauri"]
[Black "Yilmaz, Mustafa"]
[WhiteFideId "501999"]
[BlackFideId "6302718"]
[WhiteElo "2507"]
[BlackElo "2568"]
[Result "0-1"]
[Round "01"]
[TimeControl "180+1"]
[Date "2022.05.31"]
[WhiteClock "0:00:04"]
[BlackClock "0:00:11"]

1. d4 Nf6 2. Nf3 d5 3. Bg5 Ne4 4. Bf4 c5 5. e3 Qb6 6. Nc3 Nxc3 7. bxc3 Nc6 8. Be2 Qa5 9. Qd2 e6 10. O-O Be7 11. Rfb1 cxd4 12. exd4 O-O 13. Bd3 Qd8 14. c4 dxc4 15. Bxc4 Bf6 16. c3 b6 17. Qe3 Bb7 18. Bd3 Ne7 19. Be4 Bxe4 20. Qxe4 Rc8 21. Rb3 Qd5 22. Qe3 Rc4 23. Nd2 Ra4 24. Qe4 Rc8 25. h3 h6 26. Bg3 Bg5 27. f4 Bf6 28. Bf2 Nf5 29. g4 Nd6 30. Qd3 Nc4 31. Nxc4 Raxc4 32. Be1 Rxd4 33. cxd4 Qxd4+ 34. Qxd4 Bxd4+ 35. Kg2 Bxa1 36. Rd3 Rc2+ 37. Kf3 Rxa2 38. Rd8+ Kh7 39. Rd7 f5 40. Bb4 a5 41. Bf8 a4 42. Rb7 Bd4 43. gxf5 exf5 44. Rd7 Rf2+ 45. Kg3 Rd2 46. Kf3 b5 47. Rb7 Rd3+ 48. Kg2 Rb3 49. h4 Kg6 50. h5+ Kxh5 51. Bxg7 Rb2+ 52. Kh3 Rb3+ 53. Kg2 Bxg7 54. Rxg7 a3 55. Kf2 a2 56. Ra7 Rb2+ 57. Kg3 b4 58. Ra5 Rb3+ 59. Kg2 Ra3 60. Rxf5+ Kg4 0-1


[Site "https://www.chess.com"]

[Event "Titled Tuesday Blitz May 31 Early 2022"]
[White "Lopez, Henry"]
[Black "Salinas Herrera, Pablo"]
[WhiteFideId "5203830"]
[BlackFideId "3407128"]
[WhiteElo "2177"]
[BlackElo "2541"]
[Result "1/2-1/2"]
[Round "01"]
[TimeControl "180+1"]
[Date "2022.05.31"]
[WhiteClock "0:00:10"]
[BlackClock "0:00:03"]

1. d4 d5 2. Nf3 e6 3. c4 Nf6 4. Nc3 c6 5. Bg5 Nbd7 6. e3 Qa5 7. cxd5 Nxd5 8. Qd2 Bb4 9. Rc1 Nxc3 10. bxc3 Ba3 11. Rb1 b6 12. Bd3 Ba6 13. O-O O-O 14. Bf4 Rfe8 15. Qc2 Bxd3 16. Qxd3 Rac8 17. c4 h6 18. h3 Bf8 19. Qb3 c5 20. Rfd1 cxd4 21. exd4 Qa6 22. Rbc1 Red8 23. Be3 Ba3 24. Rc3 Be7 25. Rcc1 Nf6 26. Ne5 Bd6 27. Nf3 Rd7 28. Rc2 Rdc7 29. Nd2 Qa5 30. Rb1 Qf5 31. Rcc1 Ne4 32. Nf3 Nf6 33. Nd2 Rc6 34. Qb5 Qxb5 35. Rxb5 Kf8 36. Kf1 Ke7 37. Ke2 Kd7 38. Rbb1 Ba3 39. Rd1 Ke7 40. Rb3 Bd6 41. f4 Nd7 42. Kf3 f6 43. g4 Kf7 44. a3 Be7 45. Rc1 Nb8 46. Ra1 R6c7 47. Ke4 Nc6 48. Rc1 Na5 49. Rbc3 g6 50. Kf3 f5 51. gxf5 gxf5 52. Bf2 Bf6 53. c5 b5 54. Rb1 a6 55. a4 Rb7 56. axb5 axb5 57. Ra3 Nc6 58. Nb3 Rd8 59. Ra6 Nxd4+ 60. Nxd4 Bxd4 61. c6 Rc7 62. Rxb5 Bxf2 63. Kxf2 Kf6 64. Rb7 Rdc8 65. Rxc7 Rxc7 66. Ke3 Ke7 67. Kd4 Kd6 68. Rb6 h5 69. h4 Rc8 70. Ra6 Rc7 71. Rb6 Ra7 72. Kc4 Kc7 73. Kb5 Ra1 74. Rb7+ Kc8 75. Rh7 Rb1+ 76. Kc5 Rd1 77. Kb6 Rb1+ 78. Kc5 Rd1 79. Kb6 Rb1+ 80. Kc5 1/2-1/2


[Site "https://www.chess.com"]

[Event "Titled Tuesday Blitz May 31 Early 2022"]
[White "Lucas, Arthur"]
[Black "Kamsky, Gata"]
[WhiteFideId "26093073"]
[BlackFideId "2000024"]
[WhiteElo "2129"]
[BlackElo "2645"]
[Result "1/2-1/2"]
[Round "01"]
[TimeControl "180+1"]
[Date "2022.05.31"]
[WhiteClock "0:00:06"]
[BlackClock "0:00:05"]

1. e4 e5 2. Nf3 Nc6 3. d4 exd4 4. Bc4 Nf6 5. e5 d5 6. Bb5 Ne4 7. Nxd4 Bd7 8. Bxc6 bxc6 9. O-O Bc5 10. f3 Ng5 11. Be3 O-O 12. f4 Ne4 13. Nd2 Qe7 14. Nxe4 dxe4 15. c3 f6 16. exf6 Rxf6 17. a4 a5 18. Qe1 Raf8 19. Rd1 Kh8 20. Qh4 Bb6 21. Rde1 Qe8 22. Nc2 c5 23. b3 c4 24. bxc4 Bxa4 25. Nd4 Bd7 26. Qg5 h6 27. Qd5 c6 28. Qe5 a4 29. Qxe8 Rxe8 30. Ra1 Ra8 31. Ra2 Kh7 32. Rfa1 c5 33. Nb5 Be6 34. Rxa4 Rd8 35. g3 Rd3 36. Re1 Bh3 37. Ra2 Rf7 38. Rd2 Rfd7 39. Rxd3 Rxd3 40. Kf2 Kg6 41. Re2 Bd8 42. Rd2 Bf6 43. Rxd3 exd3 44. Ke1 Kh5 45. Kd2 Kg4 46. Kxd3 Bf1+ 47. Kd2 Bxc4 48. Nd6 Bd5 49. Bxc5 Kh3 50. c4 Bc6 51. Ke3 Kxh2 52. g4 Kh3 53. g5 hxg5 54. fxg5 Bxg5+ 55. Kf2 Kg4 56. Nf7 Bf6 57. Bd6 Kf5 58. c5 Ke6 59. Nh8 Be4 60. Ke3 Bh7 61. Kf4 g5+ 62. Kg4 Bxh8 63. Kxg5 Be4 64. Kf4 Bc6 65. Ke3 Bf6 66. Kd3 Kd5 67. Ke3 Bd4+ 68. Kf4 Ke6 69. Kg3 Kf5 70. Kh4 Bf2+ 71. Kh3 Bf3 72. Kh2 Kg4 73. Be7 Be3 74. Bd6 Bd5 75. Be7 Bf4+ 76. Kg1 Kg3 77. Bd6 Kf3 78. Bxf4 Kxf4 79. Kf2 Bc6 80. Ke1 Ke4 81. Kd2 Kd4 82. Ke1 Kxc5 1/2-1/2


[Site "https://www.chess.com"]

[Event "Titled Tuesday Blitz May 31 Early 2022"]
[White "Maiorov, Nikita"]
[Black "Daneshvar, Bardiya"]
[WhiteFideId "13501720"]
[BlackFideId "12576468"]
[WhiteElo "2417"]
[BlackElo "2330"]
[Result "0-1"]
[Round "01"]
[TimeControl "180+1"]
[Date "2022.06.01"]
[WhiteClock "0:00:01"]
[BlackClock "0:01:25"]

1. e4 Nf6 2. e5 Nd5 3. d4 d6 4. c4 Nb6 5. exd6 cxd6 6. Nc3 g6 7. Be3 Bg7 8. Rc1 O-O 9. b3 Bf5 10. Nf3 e5 11. dxe5 dxe5 12. c5 N6d7 13. Bc4 Nc6 14. O-O e4 15. Ng5 Nf6 16. Qxd8 Raxd8 17. Rfd1 h6 18. Nxf7 Rxf7 19. Nb5 Ng4 20. Nd6 Nge5 21. Bxf7+ Nxf7 22. Nxb7 Rb8 23. Nd6 Nfe5 24. Nxf5 gxf5 25. Rd6 Rc8 26. h3 Nd3 27. Rd1 f4 28. R1xd3 exd3 29. Bxf4 Nd4 30. Be3 Ne2+ 31. Kf1 Nc3 32. Rxd3 Nxa2 33. g4 Nb4 34. Rd7 a5 35. Rd6 Bf8 36. Rg6+ Kf7 37. Rb6 Nd5 38. Rb7+ Ke6 39. Bd2 Rxc5 40. Ra7 Rc2 41. Bxh6 Bc5 42. Ra6+ Ke5 43. f4+ Ke4 44. Rc6 Ne3+ 45. Ke1 Bb4+ 0-1


[Site "https://www.chess.com"]

[Event "Titled Tuesday Blitz May 31 Early 2022"]
[White "Manukian, Artak"]
[Black "Fedoseev, Vladimir"]
[WhiteFideId "13301373"]
[BlackFideId "24130737"]
[WhiteElo "2533"]
[BlackElo "2726"]
[Result "0-1"]
[Round "01"]
[TimeControl "180+1"]
[Date "2022.05.31"]
[WhiteClock "0:00:01"]
[BlackClock "0:00:06"]

1. e4 c6 2. d4 d5 3. e5 c5 4. dxc5 e6 5. a3 Bxc5 6. b4 Bb6 7. c4 Ne7 8. Nc3 Nbc6 9. c5 Bc7 10. f4 a6 11. Nf3 b6 12. Be3 Nf5 13. Bf2 bxc5 14. Bxc5 Bb6 15. Na4 Bxc5 16. Nxc5 Qb6 17. Bd3 Ne3 18. Qe2 Nc4 19. Bxc4 dxc4 20. Qxc4 O-O 21. O-O Ne7 22. Ng5 h6 23. Ne4 Nd5 24. Qd4 a5 25. Nb3 Qxd4+ 26. Nxd4 axb4 27. axb4 Rxa1 28. Rxa1 Nxb4 29. Ra8 Bb7 30. Rxf8+ Kxf8 31. Nd6 Bd5 32. g3 Nd3 33. N6b5 g5 34. Ne2 Kg7 35. Nbc3 Bb7 36. Nb5 Kg6 37. Nd6 Bd5 38. h3 Ba8 39. Kh2 Bf3 40. Nd4 Bd1 41. fxg5 hxg5 42. Nc4 g4 43. hxg4 Bxg4 44. Kg2 Kg5 45. Nf3+ Kf5 46. Nd6+ Kg6 47. Nc4 Kg7 48. Nd4 Kf8 49. Nf3 Ke7 50. Nh2 Bh5 51. g4 Bg6 52. Kf3 Kd7 53. Nf1 Kc6 54. Nfe3 Kc5 55. g5 Kd4 56. Nd6 Nxe5+ 57. Kf4 Nd3+ 58. Kf3 Ne1+ 59. Kf2 Nd3+ 60. Kf3 Nc5 61. Ng4 Bh5 62. Kf4 Nd3+ 63. Kg3 Kd5 64. Nf6+ Kxd6 65. Nxh5 Ke5 66. Kg4 Nf2+ 67. Kg3 Ne4+ 68. Kg4 Nd6 69. Ng3 Nc4 70. Ne2 Ne3+ 71. Kh5 Nd5 72. Ng3 Nf4+ 73. Kg4 Ng6 74. Nh5 Kd4 75. Nf6 e5 76. Kf5 Nh4+ 77. Kg4 Ng6 78. Kf5 Ne7+ 79. Kg4 e4 80. Nh5 e3 81. Kf3 Nd5 82. Ke2 Ke4 0-1


[Site "https://www.chess.com"]

[Event "Titled Tuesday Blitz May 31 Early 2022"]
[White "Martinez Alcantara, Jose Eduardo"]
[Black "Di Nicolantonio, Lucas"]
[WhiteFideId "3805662"]
[BlackFideId "680460"]
[WhiteElo "2690"]
[BlackElo "2381"]
[Result "1-0"]
[Round "01"]
[TimeControl "180+1"]
[Date "2022.05.31"]
[WhiteClock "0:02:07"]
[BlackClock "0:01:37"]

1. e4 e5 2. Nf3 Nf6 3. d4 Nxe4 4. dxe5 Bb4+ 5. Nbd2 O-O 6. Bd3 d5 7. O-O Nxd2 8. Bxd2 Bxd2 9. Qxd2 c5 10. c3 Nc6 11. h3 h6 12. Rad1 Be6 13. Bb1 Qc7 14. Qd3 g6 15. Qe3 Kg7 16. Qxc5 Rad8 17. Qe3 Rfe8 18. Rfe1 Ne7 19. Nd4 Bc8 20. Qg3 a6 21. f4 Qb6 22. Qf2 Kh8 23. Rd2 h5 24. Red1 Be6 25. a3 Rd7 26. Nf3 Qxf2+ 27. Kxf2 Bf5 28. Bxf5 Nxf5 29. Rxd5 Rxd5 30. Rxd5 1-0


[Site "https://www.chess.com"]